 Dungeon Crawl Stone Soup version 0.27-a0-1196-g3e9cee4cb2 (webtiles) character file.

Game seed: 5912612669903567550

2777 Morbidden the Reanimator (level 9, -12/74 HPs)
             Began as a Deep Dwarf Necromancer on May 29, 2021.
             Was an Initiate of Vehumet.
             Mangled by Harold
             ... wielding a +0 dire flail
              (14 damage)
             ... on level 7 of the Dungeon.
             The game lasted 00:20:01 (10178 turns).

Morbidden the Reanimator (Deep Dwarf Necromancer)  Turns: 10178, Time: 00:20:01

Health: -12/74     AC:  8    Str: 14    XL:     9   Next: 42%
Magic:  2/19       EV: 11    Int: 21    God:    Vehumet [......]
Gold:   1880       SH:  5    Dex: 13    Spells: 18/22 levels left

rFire    + . .     SeeInvis .   a - +8 demon trident of Crystal {venom, Int+4}
rCold    + . .     Faith    .   (no shield)
rNeg     . . .     Spirit   .   B - +0 ring mail
rPois    .         Reflect  +   (no helmet)
rElec    .         Harm     .   v - scarf {rC+ rF+}
rCorr    +         Rampage  .   o - +0 pair of gloves
Will     +....                  x - +1 pair of boots
Stlth    ++........             l - amulet of reflection
HPRegen  0.00/turn              z - ring of resist corrosion
MPRegen  0.16/turn              (no ring)

@: marked
A: damage resistance, heal wounds, sense surroundings 2, no regeneration
a: Heal Wounds, Renounce Religion


You were on level 7 of the Dungeon.
You worshipped Vehumet.
Vehumet was noncommittal.
You visited 2 branches of the dungeon, and saw 9 of its levels.

You collected 1975 gold pieces.
You spent 95 gold pieces at shops.

Inventory:

Hand Weapons
 a - the +8 demon trident of Crystal (weapon) {venom, Int+4}
   (You acquired it on level 8 of the Dungeon)

   It poisons the flesh of those it strikes.
   It affects your intelligence (+4).
Armour
 o - a +0 pair of gloves (worn)
 v - a scarf of resistance (worn)
 x - a +1 pair of boots (worn)
 B - a +0 ring mail (worn)
Jewellery
 l - an amulet of reflection (around neck)
 z - a ring of resist corrosion (left hand)
Wands
 j - a wand of flame (14)
Scrolls
 d - a scroll of silence {unknown}
 e - a scroll of noise {unknown}
 f - 2 scrolls of enchant armour
 g - a scroll of vulnerability {unknown}
 i - a scroll of holy word {unknown}
 p - 2 scrolls of teleportation
 q - a scroll of enchant weapon {unknown}
 s - a scroll of summoning {unknown}
 u - 5 scrolls of identify
 w - a scroll of magic mapping {unknown}
 y - 2 scrolls of torment {unknown}
Potions
 h - 3 potions of curing
 k - 3 potions of attraction {unknown}
 m - a potion of mutation {unknown}
 n - a potion of might {unknown}
 t - a potion of flight {unknown}
 A - a potion of heal wounds
 C - a potion of lignification {unknown}


   Skills:
 * Level 2.7 Fighting
 + Level 4.0 Short Blades
 * Level 0.5 Polearms
 + Level 0.3 Throwing
 + Level 3.7 Dodging
 + Level 3.0 Stealth
 + Level 1.2 Shields
 + Level 0.1 Unarmed Combat
 * Level 7.2 Spellcasting
 * Level 8.9 Necromancy
 + Level 1.6 Evocations


You had 18 spell levels left.
You knew the following spells:

 Your Spells              Type           Power      Damage    Failure   Level
a - Pain                  Necr           100%       1d9       1%          1
b - Vampiric Draining     Necr           22%        2d9       1%          3

Your spell library contained the following spells:

 Spells                   Type           Power      Damage    Failure   Level
 Animate Skeleton         Necr           90%        N/A       1%          1
 Animate Dead             Necr           22%        N/A       4%          4
 Agony                    Necr           45%        N/A       12%         5
 Apportation              Tloc           14%        N/A       19%         1
 Corona                   Hex            7%         N/A       19%         1
 Sandblast                Erth           14%        2d6       19%         1
 Sting                    Tmut/Pois      28%        1d4       19%         1
 Summon Small Mammal      Summ           28%        N/A       19%         1
 Poisonous Vapours        Pois/Air       14%        N/A       26%         2
 Confusing Touch          Hex            7%         N/A       47%         3
 Gell's Gravitas          Tloc           3%         N/A       47%         3
 Ignite Poison            Fire/Tmut/Pois 7%         N/A       47%         3
 Mephitic Cloud           Conj/Pois/Air  7%         N/A       47%         3
 Olgreb's Toxic Radiance  Pois           7%         N/A       87%         4
 Petrify                  Tmut/Erth      7%         N/A       87%         4
 Lightning Bolt           Conj/Air       3%         1d15      99%         5
 Metabolic Englaciation   Hex/Ice        3%         N/A       99%         5
 Yara's Violent Unravell  Hex/Tmut       3%         3d4       99%         5
 Freezing Cloud           Conj/Ice/Air   3%         6-21      100%        6
 Statue Form              Tmut/Erth      4%         N/A       100%        6


Dungeon Overview and Level Annotations

Branches:
Dungeon (8/15)             Temple (1/1) D:7
   Lair: D:8-11

Altars:
Cheibriados
Elyvilon
Gozag
Kikubaaqudgha
Makhleb
Qazlal
Ru
Trog
Uskayaw
Vehumet
Zin
The Shining One

Shops:
D:1 *   D:4 *   D:5 *

Annotations:
D:7 Harold


Innate Abilities, Weirdness & Mutations

You are resistant to damage.
You can heal yourself by infusing magical energy.
You passively map the area around you.
You do not regenerate.


Message History

You draw life force from Harold!
You feel life coursing into your body. Harold hits you with a +0 dire flail!!
* * * LOW HITPOINT WARNING * * *
Unknown command.
Unknown command.
Unknown command.
Unknown command.
Unknown command.
Unknown command.
Unknown command.
Okay, then.
Casting: Vampiric Draining (safe; 1% risk of failure)
Confirm with . or Enter, or press ? or * to list all spells.
Aiming: Vampiric Draining (safe; 1% risk of failure)
Press: ? - help, Shift-Dir - straight line, f/p - Harold
Aim: Harold, wielding a +0 dire flail, wearing a +0 scale mail and quivering a throwing net (severely wounded)
You draw life force from Harold.
You feel life coursing into your body. Harold hits you with a +0 dire flail.
* * * LOW HITPOINT WARNING * * *
Unknown command.
Unknown command.
Unknown command.
Unknown command.
Unknown command.
Casting: Vampiric Draining (safe; 1% risk of failure)
Confirm with . or Enter, or press ? or * to list all spells.
Aiming: Vampiric Draining (safe; 1% risk of failure)
Press: ? - help, Shift-Dir - straight line, f/p - Harold
Aim: Harold, wielding a +0 dire flail, wearing a +0 scale mail and quivering a throwing net (severely wounded)
You draw life force from Harold!
You feel life coursing into your body. Harold hits you with a +0 dire flail!
* * * LOW HITPOINT WARNING * * *
Unknown command.
Unknown command.
Unknown command.
Unknown command.
You hit Harold.
Harold is poisoned.
Harold is almost dead.
Harold hits you with a +0 dire flail!
You die...

***** **,,,** ###
****,***,* ##.## ,,,,,*
*,######...##
,,,,,***,..........##
,,,,,,,,**####.@@.>.######
)****,,** #.#.........# )*
*,,* #,####.####.#
,****,,*******,* *#.#* *,*
,**,,,,,,,,,**,*
*...***,****
,**,,,*,*,,,,*,*
*....,,*,,,*
,**,,*,*,*,,,*,*
#...##*,**,*
,**,*,*,*,*,,,,*
####.,,,**,*
,**,,*,>,*,,,*** *.*****,*


You could see Harold (very poisoned).

Vanquished Creatures
  2 water moccasins
  Duvessa (D:4)
  4 ice beasts
  A black bear (D:7)
  2 orc warriors (D:7)
  A necrophage (D:4)
  3 bullfrogs
  A gnoll sergeant (D:6)
  3 scorpions (D:5)
  Dowan (D:4)
  2 water moccasin skeletons
  A howler monkey (D:6)
  4 jellies
  A centaur zombie (D:6)
  2 hounds
  A bullfrog skeleton (D:6)
  4 orc priests
  2 iguanas
  2 centaur skeletons
  Natasha (thrice) (D:2)
  8 orc wizards
  Ijyb (D:3)
  2 killer bee zombies
  2 hound skeletons
  8 gnolls
  6 adders
  A howler monkey skeleton (D:4)
  A white imp (D:6)
  An ufetubus (D:5)
  3 worms (D:2)
  5 dart slugs
  22 orcs
  2 bats
  6 endoplasms
  6 giant cockroaches
  6 goblins
  2 hobgoblins
  13 jackals
  9 kobolds
  4 quokkas
  6 ball pythons
  3 frilled lizards
  3 rats
161 creatures vanquished.

Vanquished Creatures (others)
  A kobold (D:3)
1 creature vanquished.

Grand Total: 162 creatures vanquished

Notes
Turn   | Place    | Note
-------+----------+-------------------------------------------
     0 | D:1      | Morbidden the Deep Dwarf Necromancer began the quest for
                  | the Orb.
     0 | D:1      | Reached XP level 1. HP: 15/15 MP: 3/3
   175 | D:1      | Reached XP level 2. HP: 10/22 MP: 1/4
   584 | D:1      | You fall into a shaft and drop 1 floor!
   679 | D:2      | Reached XP level 3. HP: 11/28 MP: 4/6
   683 | D:2      | Learned a level 3 spell: Vampiric Draining
  1050 | D:2      | Noticed Natasha
  1058 | D:2      | Killed Natasha
  1059 | D:2      | Reached XP level 4. HP: 12/36 MP: 3/8
  1817 | D:2      | Noticed Natasha
  1822 | D:2      | Killed Natasha
  1834 | D:2      | Noticed Natasha
  1908 | D:2      | Killed Natasha
  1909 | D:2      | Reached XP level 5. HP: 29/42 MP: 0/10
  2092 | D:1      | Found a faded altar of an unknown god.
  2157 | D:1      | Reached skill level 5 in Necromancy
  2340 | D:1      | Found Fiwot's Assorted Antiques.
  3263 | D:3      | Found a snail-covered altar of Cheibriados.
  3264 | D:3      | Noticed Ijyb
  3282 | D:3      | HP: 2/43 [mummy (1)]
  3312 | D:3      | Paralysed by Ijyb for 3 turns
  3316 | D:3      | Killed Ijyb
  3717 | D:4      | Noticed Duvessa
  3718 | D:4      | Noticed Dowan
  3825 | D:4      | Killed Duvessa
  3826 | D:4      | Reached XP level 6. HP: 35/50 MP: 2/12
  4105 | D:4      | Killed Dowan
  4239 | D:4      | Found Suyfo's Assorted Antiques.
  4249 | D:4      | Bought a tiny golden amulet for 95 gold pieces
  4408 | D:4      | Reached skill level 6 in Necromancy
  4628 | D:4      | Reached skill level 1 in Short Blades
  4628 | D:4      | Reached XP level 7. HP: 29/56 MP: 14/14
  5132 | D:4      | Reached skill level 5 in Spellcasting
  5401 | D:5      | Entered Level 5 of the Dungeon
  5468 | D:5      | Reached skill level 1 in Fighting
  5666 | D:5      | Found Sefoy's General Store.
  5716 | D:5      | Reached skill level 7 in Necromancy
  6004 | D:5      | Identified the Papyrus of Earth and Feathers
  6092 | D:5      | Reached XP level 8. HP: 43/64 MP: 16/16
  6114 | D:5      | Found a stormy altar of Qazlal.
  6227 | D:5      | Reached skill level 1 in Evocations
  7150 | D:6      | Reached skill level 1 in Shields
  8150 | D:7      | Reached skill level 8 in Necromancy
  8164 | D:7      | Gained mutation: You passively map the area around you.
                  | [Deep Dwarf growth]
  8164 | D:7      | Reached XP level 9. HP: 41/73 MP: 1/18
  8802 | D:7      | Found a staircase to the Ecumenical Temple.
  8815 | Temple   | Entered the Ecumenical Temple
  8852 | Temple   | Became a worshipper of Vehumet
  9643 | D:7      | Noticed Harold
  9956 | D:7      | Identified 4 scrolls of acquirement
  9956 | D:7      | Acquired a staff of death
 10013 | D:8      | Acquired 853 gold pieces
 10033 | D:8      | Acquired the +8 demon trident of Crystal {venom, Int+4}
 10037 | D:8      | Acquired 786 gold pieces
 10176 | D:7      | HP: 2/74 [Harold/+0 dire flail (5)]
 10178 | D:7      | Mangled by Harold

Illustrated notes

Levels and vault maps discovered:
D:1:      dpeg_arrival_tiny_a, layout_loops_ring, serial_shops, shop_fountains,
          chequers_ecumenical_altar_lobes
D:2:      layout_basic, uniq_natasha
D:3:      layout_basic, slow_altar_1, grunt_ministairs_9, minmay_unequal,
          uniq_ijyb
D:4:      layout_basic, serial_shops, shop, uniq_duvessa
D:5:      layout_rooms, grunt_qazlal_sundering, serial_shops,
          kennysheep_mini_moat, nrook_pool_corridor, roderic_roman_lattice,
          kennysheep_generic_room_5
D:6:      layout_rooms
D:7:      layout_loops_ring, minmay_temple_entry_grid, uniq_harold
D:8:      minmay_the_grid_four_pointed_star
          [minmay_the_grid_triangle_9x9_corruption,
          minmay_the_grid_triangle_9x9_tough_junction,
          minmay_the_grid_triangle_9x9_zippers_horizontal,
          minmay_the_grid_triangle_9x9_alien,
          minmay_the_grid_prize_four_corners_diamond_a], layout_cave_pools,
          general_overflow_altar, chequers_serial_rivers_large_a,
          grunt_ministairs_2
Temple:   regret_index_temple_mists

Skill      XL: |  1  2  3  4  5  6  7  8  9 |
---------------+----------------------------+-----
Spellcasting   | 2 3 4 5 6 7 |  7.2
Necromancy     | 5 6 7 8 |  8.9
Short Blades   | 1 2 3 4 |  4.0
Dodging        | 3 |  3.7
Fighting       | 1 2 |  2.7
Evocations     | 1 |  1.6
Shields        | 1 |  1.2
Stealth        | 3 |  3.0
Polearms       | |  0.5
Throwing       | |  0.3
Unarmed Combat | |  0.1

Action                   |  1- 3 |  4- 6 |  7- 9 || total
-------------------------+-------+-------+-------++-------
Melee: Short sword       |    32 |    41 |   206 ||   279
       Unarmed           |     5 |       |       ||     5
       Demon trident     |       |       |     7 ||     7
Throw: Throwing net      |       |       |     1 ||     1
 Cast: Pain              |    38 |    25 |     7 ||    70
       Vampiric Draining |     4 |    51 |   133 ||   188
Evoke: Wand              |       |       |    17 ||    17
  Use: Potion            |       |     3 |     2 ||     5
       Scroll            |       |       |     7 ||     7
 Stab: Sleeping          |     1 |       |     3 ||     4
Armor: Robe              |     4 |     9 |    86 ||    99
       Ring mail         |       |       |    21 ||    21
Dodge: Dodged            |    34 |    39 |   204 ||   277
Block: Other             |       |     9 |    83 ||    92
       Reflection        |       |       |     1 ||     1

Table legend: (Time is in decaauts)
 A = Elapsed time spent in this place.
 B = Non-inter-level travel time spent in this place.
 C = Inter-level travel time spent in this place.
 D = Time resting spent in this place.
 E = Time spent auto-exploring this place.
 F = Levels seen in this place.
 G = Mean time per level.
                   A        B        C        D        E       F      G
               +--------+--------+--------+--------+--------+-----+--------+
         Total |  10195 |   9931 |    264 |   1796 |   6572 |   9 | 1132.8 |
       Dungeon |  10124 |   9878 |    246 |   1796 |   6531 |   8 | 1265.5 |
        Temple |     70 |     52 |     18 |      0 |     40 |   1 |   70.0 |
               +--------+--------+--------+--------+--------+-----+--------+

Top non-repeatable levels by time:
     D:5: 1828 daAuts
     D:6: 1512 daAuts
     D:2: 1449 daAuts
     D:3: 1438 daAuts
     D:4: 1334 daAuts
     D:7: 1223 daAuts
     D:1: 1187 daAuts
     D:8: 151 daAuts
  Temple: 70 daAuts
